AoeStats
← MarXthedruid

Arabia

510375717Analyzed
1v1 RM · 12h ago on Sep 30, 2026· 46m 46s· 2 players
Game mode
Random Map
Map size
Tiny (2 player)
Population
200
Speed
Normal
Resources
Standard
Victory
Conquest
Starting age
Dark Age
Ending age
Imperial Age
RankedLock teamsTeams togetherTeam positionsShared explorationLock speedFull tech treeHidden civsTurbo modeCheats
Victory
Defeat
🇩🇪 Saxons · Germany
1179
+16
🇬🇧 Goths · United Kingdom
1172
-16
MarXthedruid
1:15 Loom
10:02 Feudal Age
10:15 Man-at-Arms
10:57 Double-Bit Axe
22:46 Castle Age
21:44 Horse Collar
22:47 Forging
22:43 Scale Barding Armor
23:42 Bloodlines
26:20 Heavy Plow
27:38 Iron Casting
31:01 Husbandry
33:35 Devotion
37:07 Chain Barding Armor
36:10 Light Cavalry
47:03 Wheelbarrow
Chronic_Smoker88
8:40 Loom
10:43 Feudal Age
17:02 Castle Age
22:27 Double-Bit Axe
27:07 Scale Mail Armor
27:19 Forging
29:37 Chain Mail Armor
32:22 Iron Casting
32:13 Gold Mining
34:40 Stone Mining
40:45 Imperial Age
39:05 Wheelbarrow
39:05 Horse Collar
39:47 Pikeman
40:37 Gambesons
42:28 Plate Mail Armor
43:35 Halberdier
46:21 Chemistry
47:12 Hand Cart
Connection lost

Rejoining the realm…

Still unreachable

The connection could not be restored.

Session expired

The server has moved on; the page needs a fresh start.